[Event "Titled Tuesday Blitz January 17 Early 2023"]
[White "Ortega Ruiz, Jose Miguel"]
[Black "Broca Jimenez, Fernando"]
[WhiteFideId "2209713"]
[BlackFideId "5104742"]
[WhiteElo "2351"]
[BlackElo "2075"]
[Result "1-0"]
[Round "04"]
[TimeControl "180+2"]
[Date "2023.01.17"]
[WhiteClock "0:01:24"]
[BlackClock "0:00:11"]

1. Nf3 c5 2. h4 d5 3. h5 Nc6 4. d3 e5 5. Nc3 Be6 6. e4 d4 7. Nb1 Nf6 8. h6 g6 9. Ng5 Bg4 10. Be2 Bxe2 11. Qxe2 Be7 12. Na3 a6 13. Nc4 b5 14. Nd2 Qd7 15. a4 O-O 16. O-O Ng4 17. Ngf3 Nxh6 18. axb5 axb5 19. Rxa8 Rxa8 20. Nc4 Ng4 21. Nb6 Qa7 22. Nxa8 Qxa8 23. Nxd4 Nxd4 24. Qxg4 Nxc2 25. Qd7 Bf8 26. Qxb5 Nd4 27. Qd7 Qa6 28. Bg5 Qxd3 29. Qd8 Qxe4 30. Bh6 Ne6 31. Qc8 Qh4 32. Bxf8 Nxf8 33. Qxc5 Qf4 34. Rc1 Ne6 35. Qc8+ Kg7 36. Qc3 Nd4 37. Re1 Qg5 38. Re3 Qh5 39. Qc5 Qd1+ 40. Kh2 Qh5+ 41. Rh3 Qf5 42. b4 Qf4+ 43. Kg1 Qe4 44. Re3 Qb1+ 45. Kh2 f6 46. Qe7+ Kh6 47. Qxf6 Qf5 48. Qxf5 gxf5 49. Rxe5 Kg6 50. Rd5 Ne6 51. b5 Kf6 52. Rd6 Ke7 53. Rxe6+ Kxe6 54. Kg3 Kd6 55. Kf4 Kc5 56. Kxf5 Kxb5 57. Kg5 Kc6 58. Kh6 Kd5 59. Kxh7 Ke5 60. Kg6 1-0


[Site "https://www.chess.com"]

[Event "Titled Tuesday Blitz January 17 Early 2023"]
[White "Smietanska, Wiktoria"]
[Black "Seletsky, Grigory"]
[WhiteFideId "21869359"]
[BlackFideId "14112191"]
[WhiteElo "1936"]
[BlackElo "2259"]
[Result "0-1"]
[Round "04"]
[TimeControl "180+2"]
[Date "2023.01.17"]
[WhiteClock "0:00:03"]
[BlackClock "0:00:47"]

1. c4 e5 2. Nc3 Nc6 3. Nf3 f5 4. g3 Nf6 5. Bg2 Bc5 6. Nxe5 Bxf2+ 7. Kxf2 Nxe5 8. b3 O-O 9. d4 Ng6 10. Rf1 c6 11. Kg1 d5 12. Bg5 Be6 13. h4 h6 14. Bd2 Ne4 15. Nxe4 fxe4 16. e3 Qd6 17. Qe1 Bg4 18. Rxf8+ Nxf8 19. Bb4 Qd7 20. Qf2 Ne6 21. Rf1 a5 22. Ba3 a4 23. Bb4 axb3 24. axb3 b5 25. cxb5 cxb5 26. Rc1 Rc8 27. Qd2 g5 28. Rxc8+ Qxc8 29. Qc3 Qxc3 30. Bxc3 Bd1 31. b4 Be2 32. Bh3 Nc7 33. Kf2 Bf3 34. hxg5 hxg5 35. Bd7 Kf7 36. Bh3 Ke7 37. Bf1 Kd6 38. Bh3 Kc6 39. Bf1 Ne8 40. Bh3 Nf6 41. Bf1 Ng4+ 42. Ke1 Nxe3 43. Bd2 Nc2+ 44. Kf2 Nxd4 45. Bxg5 Nc2 46. Be3 d4 47. Bd2 Bg4 48. Be2 e3+ 49. Bxe3 dxe3+ 0-1


[Site "https://www.chess.com"]

[Event "Titled Tuesday Blitz January 17 Early 2023"]
[White "Luukkonen, Tommi"]
[Black "Thiel, Thomas"]
[WhiteFideId "501808"]
[BlackFideId "4615964"]
[WhiteElo "2292"]
[BlackElo "2234"]
[Result "1-0"]
[Round "04"]
[TimeControl "180+2"]
[Date "2023.01.17"]
[WhiteClock "0:01:28"]
[BlackClock "0:01:23"]

1. d4 Nf6 2. c4 g6 3. Nc3 d5 4. cxd5 Nxd5 5. Bd2 c5 6. e4 Nxc3 7. Bxc3 cxd4 8. Bxd4 f6 9. Nf3 Nc6 10. Bc3 Qxd1+ 11. Rxd1 e5 12. Bc4 Bg4 13. Bd5 Bc5 14. Rd3 Bxf3 15. Rxf3 Ke7 16. O-O Bd4 17. Bxc6 bxc6 18. Rc1 Rhd8 19. Kf1 Rac8 20. b3 c5 21. h4 Bxc3 22. Rfxc3 Rd4 23. f3 Kd6 24. Ke2 f5 25. exf5 gxf5 26. g3 Kd5 27. R1c2 c4 28. bxc4+ Rcxc4 29. Rxc4 Rxc4 30. Rxc4 Kxc4 31. g4 f4 32. g5 Kd5 33. h5 Ke6 34. Kd3 1-0


[Site "https://www.chess.com"]

[Event "Titled Tuesday Blitz January 17 Early 2023"]
[White "Silva, Pedro Gil Ferreira Da"]
[Black "Kornyukov, Alexey"]
[WhiteFideId "1946102"]
[BlackFideId "4150457"]
[WhiteElo "2227"]
[BlackElo "2452"]
[Result "1-0"]
[Round "04"]
[TimeControl "180+2"]
[Date "2023.01.17"]
[WhiteClock "0:01:09"]
[BlackClock "0:00:24"]

1. c4 e5 2. Nf3 Nc6 3. Nc3 Bb4 4. g3 Nf6 5. Bg2 O-O 6. O-O d6 7. d3 Be6 8. Bd2 Re8 9. a3 Bxc3 10. Bxc3 d5 11. cxd5 Bxd5 12. Rc1 Qd7 13. Re1 Rad8 14. Qa4 Nd4 15. Qxd7 Nxf3+ 16. Bxf3 Rxd7 17. Bxd5 Rxd5 18. Kg2 c6 19. f3 h6 20. Kf2 g5 21. Bd2 Kh7 22. Rc4 Kg6 23. Rec1 h5 24. b4 a6 25. Rc5 Rxc5 26. Rxc5 Nd5 27. a4 Nb6 28. Ra5 Rd8 29. b5 cxb5 30. axb5 Nc4 31. dxc4 Rxd2 32. bxa6 bxa6 33. Rxa6+ f6 34. Rc6 Rc2 35. c5 Kf5 36. h3 Rb2 37. g4+ hxg4 38. hxg4+ Kg6 39. Rc8 Rc2 40. c6 Kg7 41. c7 Rc3 42. Ke1 Rc1+ 43. Kd2 Rc5 44. Kd3 Rd5+ 45. Ke4 Rd4+ 46. Kf5 Rd7 47. Rg8+ 1-0


[Site "https://www.chess.com"]

[Event "Titled Tuesday Blitz January 17 Early 2023"]
[White "Clawitter, Craig"]
[Black "Levitan, Caleb Levi"]
[WhiteFideId "2023105"]
[BlackFideId "14332620"]
[WhiteElo "2050"]
[BlackElo "2129"]
[Result "0-1"]
[Round "04"]
[TimeControl "180+2"]
[Date "2023.01.17"]
[WhiteClock "0:00:01"]
[BlackClock "0:00:13"]

1. e4 c5 2. Nf3 e6 3. d4 cxd4 4. Nxd4 a6 5. Bd3 Bc5 6. Nb3 Ba7 7. Nc3 Nc6 8. Qe2 b5 9. Be3 d6 10. O-O-O Nge7 11. f4 Bb7 12. e5 d5 13. Bxa7 Rxa7 14. Nc5 Qb6 15. Nxb7 Rxb7 16. f5 Nd4 17. Qg4 Ndxf5 18. Bxf5 Nxf5 19. Nxd5 Qc5 20. Rhf1 O-O 21. Nf6+ Kh8 22. Nd7 Rxd7 23. Rxd7 Ne3 24. Qe2 Nxf1 25. Qxf1 Qe3+ 26. Kb1 Qxe5 27. a3 Kg8 28. Qd3 Qxh2 29. Rd8 Qc7 30. Rxf8+ Kxf8 0-1


[Site "https://www.chess.com"]

[Event "Titled Tuesday Blitz January 17 Early 2023"]
[White "Cepo, Toni"]
[Black "Nugumanov, Bakhtiyar"]
[WhiteFideId "4675916"]
[BlackFideId "13701797"]
[WhiteElo "2145"]
[BlackElo "2316"]
[Result "1-0"]
[Round "04"]
[TimeControl "180+2"]
[Date "2023.01.17"]
[WhiteClock "0:00:54"]
[BlackClock "0:00:02"]

1. e4 d6 2. d4 Nf6 3. Nc3 e5 4. dxe5 dxe5 5. Qxd8+ Kxd8 6. Bg5 Be6 7. O-O-O+ Nd7 8. Nf3 Bd6 9. Nb5 Ke7 10. Bd3 Nc5 11. Nxd6 cxd6 12. Kb1 h6 13. Bxf6+ gxf6 14. Nh4 Rac8 15. f3 Rhg8 16. g3 Rgd8 17. Rhe1 Nxd3 18. Rxd3 d5 19. exd5 Rxd5 20. Nf5+ Kd7 21. Red1 Rc5 22. Nxh6 Ke7 23. Rxd5 Rxd5 24. Rxd5 Bxd5 25. Nf5+ Ke6 26. Nh4 f5 27. Kc1 Kf6 28. a3 Kg5 29. Kd2 f4 30. Ke2 f5 31. Ng2 fxg3 32. hxg3 f4 33. gxf4+ exf4 34. Ne1 Kh4 35. Kf2 Bc6 36. Nd3 Kg5 37. Ne5 Bd5 38. c4 Be6 39. c5 Kf5 40. Nd3 Bc4 41. Nc1 Bb5 42. b4 a6 43. Ne2 1-0


[Site "https://www.chess.com"]

[Event "Titled Tuesday Blitz January 17 Early 2023"]
[White "Real_taiatai"]
[Black "Fajdetic, Hrvoje"]
[BlackFideId "14501945"]
[WhiteElo "2315"]
[BlackElo "2151"]
[Result "1-0"]
[Round "04"]
[TimeControl "180+2"]
[Date "2023.01.17"]
[WhiteClock "0:00:17"]
[BlackClock "0:00:06"]

1. d4 c6 2. c4 d5 3. Nf3 Bg4 4. Ne5 Bf5 5. cxd5 cxd5 6. Nc3 f6 7. Nf3 Nc6 8. Bf4 e6 9. e3 Bb4 10. Rc1 Qa5 11. a3 Bxc3+ 12. Rxc3 Nge7 13. b4 Qd8 14. b5 Na5 15. Bc7 Qd7 16. Bxa5 O-O 17. Bd3 Rac8 18. O-O b6 19. Bb4 Rxc3 20. Bxc3 Rc8 21. Bb4 Bxd3 22. Qxd3 Nf5 23. a4 Rc4 24. Qb3 Qc7 25. h3 g5 26. Bc5 bxc5 27. Nd2 Rb4 28. Qc3 Rxa4 29. dxc5 Kf7 30. Qc2 Qa5 31. g4 Ng7 32. Rb1 h5 33. c6 Ne8 34. Nb3 Qxb5 35. Nd4 Qc4 36. Rb7+ Kf8 37. Nxe6+ Kg8 38. Qh7# 1-0


[Site "https://www.chess.com"]

[Event "Titled Tuesday Blitz January 17 Early 2023"]
[White "Manon-og, Ramon Jr."]
[Black "Jimenez Fernandez, Rebeca"]
[WhiteFideId "5200776"]
[BlackFideId "32070934"]
[WhiteElo "1999"]
[BlackElo "2069"]
[Result "1-0"]
[Round "04"]
[TimeControl "180+2"]
[Date "2023.01.17"]
[WhiteClock "0:01:48"]
[BlackClock "0:02:04"]

1. e4 g6 2. d4 Bg7 3. Nf3 d6 4. Nc3 a6 5. a4 Nd7 6. Bc4 e6 7. Bg5 Ne7 8. Qd2 c5 9. O-O O-O 10. Rad1 cxd4 11. Nxd4 Nc5 12. Rfe1 b6 13. Nc6 Nxc6 14. Bxd8 1-0


[Site "https://www.chess.com"]

[Event "Titled Tuesday Blitz January 17 Early 2023"]
[White "Grot, Blazej"]
[Black "Rose, Felix"]
[WhiteFideId "21835845"]
[BlackFideId "5105722"]
[WhiteElo "1990"]
[BlackElo "2091"]
[Result "1-0"]
[Round "04"]
[TimeControl "180+2"]
[Date "2023.01.17"]
[WhiteClock "0:01:02"]
[BlackClock "0:00:09"]

1. d4 Nf6 2. c4 e6 3. g3 d5 4. Nf3 dxc4 5. Bg2 a6 6. O-O Nc6 7. e3 Rb8 8. Nfd2 Bd7 9. Nxc4 Bd6 10. e4 b5 11. Nxd6+ cxd6 12. e5 dxe5 13. dxe5 Nd5 14. Qg4 Kf8 15. Nc3 Nxe5 16. Qe2 Nxc3 17. Qxe5 Nd5 18. Qd6+ Ne7 19. Rd1 Ke8 20. Bf4 Rb6 21. Qd4 Qc8 22. Qxb6 1-0


[Site "https://www.chess.com"]

[Event "Titled Tuesday Blitz January 17 Early 2023"]
[White "Zaichenko, Daria"]
[Black "Nikulina, Alena"]
[WhiteFideId "4197453"]
[BlackFideId "4172051"]
[WhiteElo "2104"]
[BlackElo "1857"]
[Result "0-1"]
[Round "04"]
[TimeControl "180+2"]
[Date "2023.01.17"]
[WhiteClock "0:00:51"]
[BlackClock "0:00:09"]

1. e4 c5 2. Nf3 e6 3. d4 cxd4 4. Nxd4 Nf6 5. Nc3 Nc6 6. Ndb5 Bb4 7. Nd6+ Ke7 8. Nxc8+ Rxc8 9. Bd3 d5 10. O-O Bxc3 11. bxc3 dxe4 12. Ba3+ Ke8 13. Bb5 h5 14. Qe2 a6 15. Rad1 Qa5 16. Bxc6+ Rxc6 17. Bb4 Qxa2 18. Qe3 Qc4 19. Qa7 Nd5 20. Rd4 Qb5 21. Qb8+ Kd7 22. Qxh8 a5 23. c4 Rxc4 24. Rxc4 Qxc4 25. Ba3 b5 26. Qxg7 b4 27. Qxf7+ Kd6 28. Bb2 Qxc2 29. Bg7 b3 30. Bf8+ Kc6 31. Qxe6+ Kb7 32. Qxd5+ Kb6 33. Qd4+ Kb5 34. Ra1 b2 35. Qa4+ Qxa4 0-1


[Site "https://www.chess.com"]

[Event "Titled Tuesday Blitz January 17 Early 2023"]
[White "Sovetbekova, Nurai"]
[Black "Levine, David"]
[WhiteFideId "13801910"]
[BlackFideId "2011611"]
[WhiteElo "1764"]
[BlackElo "2040"]
[Result "1-0"]
[Round "04"]
[TimeControl "180+2"]
[Date "2023.01.17"]
[WhiteClock "0:01:14"]
[BlackClock "0:00:47"]

1. d4 d5 2. c4 dxc4 3. e4 Nf6 4. Nc3 e5 5. Nf3 Bg4 6. Bxc4 Bxf3 7. Qxf3 exd4 8. e5 dxc3 9. exf6 Qxf6 10. Qxb7 Bc5 11. O-O O-O 12. Qxa8 cxb2 13. Bxb2 Qxb2 14. Rab1 Bxf2+ 15. Kh1 Qd4 16. Rxb8 1-0


[Site "https://www.chess.com"]

[Event "Titled Tuesday Blitz January 17 Early 2023"]
[White "Winkels, Marcel"]
[Black "Zaksaite, Salomeja"]
[WhiteFideId "1003887"]
[BlackFideId "12801496"]
[WhiteElo "1960"]
[BlackElo "2283"]
[Result "1-0"]
[Round "04"]
[TimeControl "180+2"]
[Date "2023.01.17"]
[WhiteClock "0:00:48"]
[BlackClock "0:00:01"]

1. e4 c5 2. Nf3 e6 3. g3 Nc6 4. Bg2 Nf6 5. d3 Be7 6. O-O O-O 7. e5 Nd5 8. c4 Nc7 9. Nc3 d6 10. exd6 Bxd6 11. Ne4 Be7 12. h4 b6 13. Be3 Bb7 14. Nfg5 f5 15. Nc3 Bf6 16. Nb5 Bxb2 17. Rb1 Bf6 18. Nxc7 Qxc7 19. Nxe6 Qd6 20. Nxf8 Rxf8 21. Bf4 Qd7 22. Bd5+ Kh8 23. Qf3 Rd8 24. Rbd1 Nd4 25. Qg2 Ne2+ 26. Kh2 Nxf4 27. gxf4 Bxd5 28. cxd5 Bxh4 29. Rfe1 Bf6 30. Re6 h6 31. Rde1 Qxd5 32. Re8+ Kh7 33. Qxd5 Rxd5 34. R1e3 a5 35. Rb8 Bd4 36. Ree8 a4 37. Kg2 1-0


[Site "https://www.chess.com"]

[Event "Titled Tuesday Blitz January 17 Early 2023"]
[White "Lakshmi C"]
[Black "Larina, Maria"]
[WhiteFideId "25035347"]
[BlackFideId "24113182"]
[WhiteElo "1928"]
[BlackElo "1948"]
[Result "1-0"]
[Round "04"]
[TimeControl "180+2"]
[Date "2023.01.17"]
[WhiteClock "0:00:02"]
[BlackClock "0:00:01"]

1. e4 c6 2. Nc3 d5 3. Nf3 Bg4 4. h3 Bxf3 5. Qxf3 e6 6. d4 dxe4 7. Qxe4 Nf6 8. Qd3 Na6 9. a3 Nc7 10. Be2 Bd6 11. Bg5 h6 12. Bh4 O-O 13. Ne4 Be7 14. Bg3 Nxe4 15. Qxe4 Nd5 16. O-O Nf6 17. Qd3 Bd6 18. Rad1 Be7 19. Qb3 Qb6 20. Qa2 Rfd8 21. c3 c5 22. Be5 Nd7 23. dxc5 Bxc5 24. Bd4 Bxd4 25. Rxd4 Nf6 26. Rfd1 Rxd4 27. Rxd4 Rd8 28. Rxd8+ Qxd8 29. Qc4 Qb6 30. b4 Kh7 31. Bd3+ g6 32. Qc8 Qd6 33. Be2 b6 34. Qb7 Qd7 35. Qa6 Nd5 36. c4 Nf4 37. Bf1 Qd1 38. c5 bxc5 39. bxc5 Qc1 40. c6 Nd5 41. Kh2 Qc3 42. Bb5 Qe5+ 43. Kg1 Qe1+ 44. Kh2 Qe5+ 45. Kg1 Qc7 46. Bf1 Ne7 47. Bb5 Kg7 48. Qb7 Nd5 49. a4 Kf6 50. Bc4 Qe5 51. Bxd5 Qe1+ 52. Kh2 Qe5+ 53. g3 1-0


[Site "https://www.chess.com"]

[Event "Titled Tuesday Blitz January 17 Early 2023"]
[White "Adithya A Chullikkad"]
[Black "Afanasieva, Alexandra"]
[WhiteFideId "45078734"]
[BlackFideId "34126926"]
[WhiteElo "2259"]
[BlackElo "1857"]
[Result "0-1"]
[Round "04"]
[TimeControl "180+2"]
[Date "2023.01.17"]
[WhiteClock "0:00:29"]
[BlackClock "0:00:17"]

1. e4 c5 2. c3 d5 3. exd5 Qxd5 4. d4 Nf6 5. Nf3 e6 6. Be2 Nc6 7. Na3 Be7 8. Be3 cxd4 9. Nb5 Qd7 10. Nbxd4 O-O 11. O-O Rd8 12. Qc2 a6 13. Rad1 Qc7 14. Nxc6 bxc6 15. Rxd8+ Bxd8 16. Bd4 Bb7 17. Be5 Qb6 18. Rd1 Be7 19. h3 Rd8 20. Bd3 h6 21. Qe2 c5 22. b3 Nd7 23. Bg3 Nf6 24. Bc2 Qc6 25. Rxd8+ Bxd8 26. Qd3 Be7 27. Be5 g6 28. c4 Qe4 29. Bxf6 Qxd3 30. Bxd3 Bxf6 31. Nd2 Bd4 32. Kf1 f5 33. f3 e5 34. Ke2 Kf7 35. Bc2 Ke6 36. Nf1 e4 37. fxe4 fxe4 38. Ng3 Ke5 39. Nf1 g5 40. g3 Bc8 41. h4 gxh4 42. gxh4 Bg4+ 43. Ke1 Kf4 44. Nd2 Bc3 45. Bxe4 Bxd2+ 46. Kxd2 Kxe4 0-1


[Site "https://www.chess.com"]

[Event "Titled Tuesday Blitz January 17 Early 2023"]
[White "Stead, Kerry"]
[Black "Orujov, Elshad"]
[WhiteFideId "3202577"]
[BlackFideId "13403540"]
[WhiteElo "1908"]
[BlackElo "2304"]
[Result "0-1"]
[Round "04"]
[TimeControl "180+2"]
[Date "2023.01.17"]
[WhiteClock "0:00:47"]
[BlackClock "0:00:50"]

1. d4 Nf6 2. f3 d5 3. e4 dxe4 4. Nc3 exf3 5. Nxf3 c6 6. Bg5 Bf5 7. Bc4 e6 8. O-O Be7 9. Qe2 Nbd7 10. Rad1 Nd5 11. Bxe7 Qxe7 12. Nxd5 cxd5 13. Bb5 O-O 14. Ne5 Nxe5 15. Qxe5 Bg6 16. c3 Rac8 17. Rde1 Be4 18. Re3 f6 19. Qg3 f5 20. Qe5 Rf6 21. Rg3 Rcf8 22. Rf4 Rg6 23. Rxg6 hxg6 24. h4 g5 25. hxg5 Qxg5 26. Qxe6+ Kh7 27. Rf2 Qc1+ 28. Kh2 Rf6 29. Qe7 Rh6+ 30. Kg3 Qe3+ 31. Rf3 f4+ 32. Kg4 Bxf3+ 33. gxf3 Qxe7 0-1


[Site "https://www.chess.com"]

[Event "Titled Tuesday Blitz January 17 Early 2023"]
[White "Necula, Iulian"]
[Black "Dilmukhametov, Artur"]
[WhiteFideId "1232380"]
[BlackFideId "24179922"]
[WhiteElo "1851"]
[BlackElo "2276"]
[Result "0-1"]
[Round "04"]
[TimeControl "180+2"]
[Date "2023.01.17"]
[WhiteClock "0:00:16"]
[BlackClock "0:00:09"]

1. d4 Nf6 2. Nc3 g6 3. Bf4 Bg7 4. e3 d6 5. Nf3 O-O 6. h3 Nbd7 7. Be2 Re8 8. d5 e5 9. dxe6 Rxe6 10. O-O b6 11. Bc4 Re8 12. Ng5 Re7 13. Re1 Bb7 14. e4 Ne5 15. Bxe5 dxe5 16. Qxd8+ Rxd8 17. Nd5 Nxd5 18. exd5 Bxd5 19. Rad1 Red7 20. Bd3 c5 21. b3 Bc6 22. Be2 Bh6 23. Nf3 Rxd1 24. Rxd1 Rxd1+ 25. Bxd1 f6 26. Ne1 Bd2 27. Nd3 Kf7 28. Kf1 Ke6 29. g4 f5 30. Ke2 Bc3 31. gxf5+ gxf5 32. f3 e4 33. fxe4 fxe4 34. Nf2 Kf5 35. Ng4 Kf4 36. Ne3 Bd7 37. h4 Bd4 38. Ng2+ Kg3 39. Kf1 Bf6 40. h5 h6 41. Ne3 Bg5 42. Nd5 e3 43. b4 Bg4 44. Bxg4 Kxg4 45. Ke2 Kxh5 46. bxc5 bxc5 47. a4 Kg4 48. Nxe3+ Bxe3 49. Kxe3 Kg3 50. a5 h5 51. Ke2 Kg2 52. Kd3 h4 53. Kc4 h3 54. Kxc5 h2 55. Kc6 h1=Q 56. Kb7 Qh7+ 57. Ka6 Kf3 58. c4 Ke4 59. c5 Kd5 60. c6 Kd6 61. c7 Kd7 62. Kxa7 Kc8 63. Kb6 Qg6+ 64. Kb5 Qf5+ 65. Kb6 Qe6+ 66. Kb5 Qe5+ 67. Kb6 Qxc7+ 68. Kb5 Qb7+ 69. Kc5 Qc7+ 70. Kb5 Qe5+ 71. Kb6 Qd6+ 72. Kb5 Kb7 73. Ka4 Ka6 74. Kb3 Qc5 75. Ka4 Qxa5+ 76. Kb3 Qf5 0-1


[Site "https://www.chess.com"]

[Event "Titled Tuesday Blitz January 17 Early 2023"]
[White "Samaganova, Aleksandra"]
[Black "Ho, In Hei Henry"]
[WhiteFideId "13800221"]
[BlackFideId "6002552"]
[WhiteElo "1856"]
[BlackElo "1735"]
[Result "1-0"]
[Round "04"]
[TimeControl "180+2"]
[Date "2023.01.17"]
[WhiteClock "0:00:04"]
[BlackClock "0:00:06"]

1. c4 c5 2. Nc3 Nc6 3. g3 Nf6 4. Bg2 g6 5. e3 Bg7 6. Nge2 e6 7. O-O O-O 8. h3 d5 9. cxd5 exd5 10. d4 c4 11. b3 cxb3 12. Qxb3 Na5 13. Qb4 Re8 14. Nf4 Bf8 15. Qa4 Bd7 16. Qd1 Bc6 17. Rb1 Nc4 18. Qb3 Rc8 19. Re1 a5 20. Nd3 Bd6 21. Nb5 Bb8 22. Nc5 b6 23. Na6 Qd7 24. Nxb8 Rxb8 25. Nc3 a4 26. Qb4 b5 27. Qc5 Rec8 28. Kh2 Ba8 29. Qb4 Nd6 30. Ba3 Nfe4 31. Nxe4 Nxe4 32. Kg1 Rc2 33. Rb2 Rbc8 34. Reb1 Qf5 35. Bxe4 dxe4 36. Rxc2 Rxc2 37. Qf8# 1-0


[Site "https://www.chess.com"]

[Event "Titled Tuesday Blitz January 17 Early 2023"]
[White "Nakamura, Hikaru"]
[Black "Narayanan, Srinath"]
[WhiteFideId "2016192"]
[BlackFideId "5018420"]
[WhiteElo "2775"]
[BlackElo "2559"]
[Result "1-0"]
[Round "05"]
[TimeControl "180+2"]
[Date "2023.01.17"]
[WhiteClock "0:00:09"]
[BlackClock "0:00:03"]

1. Nf3 d5 2. g3 g6 3. d4 Bg7 4. Bg2 Nf6 5. O-O O-O 6. c4 c6 7. Qb3 a5 8. cxd5 Nxd5 9. Nc3 Nxc3 10. bxc3 a4 11. Qc2 c5 12. Ba3 cxd4 13. cxd4 Nc6 14. Rfd1 Bf5 15. Qc4 Be4 16. d5 Bxa1 17. Qxe4 Bf6 18. g4 Re8 19. Rd3 Na7 20. g5 Bg7 21. Ne5 Nb5 22. Nxf7 Qc7 23. Qe6 Qf4 24. Rf3 Nd4 25. Rxf4 Nxe6 26. dxe6 Rac8 27. Bxb7 Rc2 28. Bf3 Rxa2 29. Rxa4 Rc8 30. Kg2 Kf8 31. Ra7 Kg8 32. h4 Bd4 33. Ra4 Bc5 34. Bxc5 Rxa4 35. Bxe7 Rxh4 36. Nh6+ Kg7 37. Bf6+ Kf8 38. e7+ Ke8 39. Bd5 Rf4 40. Bf7+ Kd7 41. e3 Re4 42. e8=Q+ Rexe8 43. Bxe8+ Rxe8 44. Ng4 Ke6 45. Kg3 Kf5 46. f3 Ke6 47. e4 Kf7 48. Bd4 Ra8 49. Be3 Ra3 50. Bf4 Rb3 51. Be5 Ke6 52. Bf6 Kf7 53. Kf4 Ke6 54. Ne3 Kf7 55. Bd4 Rb4 56. Bc3 Rb3 57. Nd5 Ke6 58. Bg7 Kf7 59. Bh6 Ke6 60. Nf6 Rb7 61. Kg4 Rf7 62. f4 Kd6 63. Kf3 Ke6 64. Ng4 Kd6 65. Ne3 Ke6 66. Nc2 Kd6 67. Nd4 Kc5 68. Ke3 Kd6 69. Ne2 Ke6 70. Nc3 Kd6 71. Nb5+ Ke6 72. Nd4+ Kd6 73. f5 gxf5 74. exf5 Ke5 75. f6 Kd5 76. Bg7 Kd6 77. Ke4 Kd7 78. Kd5 Ke8 79. Ke6 Re7+ 80. fxe7 1-0


[Site "https://www.chess.com"]

[Event "Titled Tuesday Blitz January 17 Early 2023"]
[White "Artemiev, Vladislav"]
[Black "Dardha, Daniel"]
[WhiteFideId "24101605"]
[BlackFideId "240990"]
[WhiteElo "2701"]
[BlackElo "2631"]
[Result "1-0"]
[Round "05"]
[TimeControl "180+2"]
[Date "2023.01.17"]
[WhiteClock "0:00:14"]
[BlackClock "0:00:01"]

1. Nf3 d5 2. g3 g6 3. Bg2 Bg7 4. O-O Nf6 5. c4 c6 6. Qc2 O-O 7. b3 a5 8. Bb2 Na6 9. d3 Bg4 10. Nbd2 Bxf3 11. Nxf3 e6 12. Rfd1 Nd7 13. d4 b5 14. e3 Qe7 15. Rac1 Rfb8 16. cxd5 cxd5 17. Bf1 Nb4 18. Qb1 Qd6 19. Rd2 a4 20. Ba3 Bf8 21. Rb2 Qb6 22. bxa4 bxa4 23. h4 Qa5 24. h5 Na6 25. Bxf8 Nxf8 26. Ne5 a3 27. Rb3 Rxb3 28. Qxb3 Qb4 29. Qc2 Qb7 30. Bxa6 Qxa6 31. Qc7 Qa7 32. h6 f6 33. Ng4 Qxc7 34. Rxc7 Re8 35. Nxf6+ 1-0


[Site "https://www.chess.com"]

[Event "Titled Tuesday Blitz January 17 Early 2023"]
[White "Shimanov, Aleksandr"]
[Black "Martinez Alcantara, Jose Eduardo"]
[WhiteFideId "4198603"]
[BlackFideId "3805662"]
[WhiteElo "2581"]
[BlackElo "2619"]
[Result "1-0"]
[Round "05"]
[TimeControl "180+2"]
[Date "2023.01.17"]
[WhiteClock "0:02:07"]
[BlackClock "0:01:49"]

1. e4 e5 2. Nf3 Nf6 3. Nc3 Bb4 4. Nxe5 O-O 5. Be2 Re8 6. Nd3 Bxc3 7. dxc3 Nxe4 8. O-O d6 9. Bf3 Nd7 10. Re1 Ndf6 11. c4 Bf5 12. b3 Qd7 13. Bb2 h6 14. Nf4 Rad8 15. Nd5 Nxd5 16. Qxd5 Ng5 17. Qxb7 Nxf3+ 18. Qxf3 Bxc2 19. Qc3 Qg4 20. Qxc2 a5 21. h3 Qg5 22. Qc3 c5 23. Qxa5 Kh7 24. Qc3 f6 25. Rad1 Re5 26. Qd3+ Kg8 27. Bxe5 fxe5 28. b4 Qe7 29. bxc5 1-0


[Site "https://www.chess.com"]

[Event "Titled Tuesday Blitz January 17 Early 2023"]
[White "Zierk, Steven"]
[Black "Sarana, Alexey"]
[WhiteFideId "2034255"]
[BlackFideId "24133795"]
[WhiteElo "2488"]
[BlackElo "2685"]
[Result "0-1"]
[Round "05"]
[TimeControl "180+2"]
[Date "2023.01.17"]
[WhiteClock "0:00:01"]
[BlackClock "0:00:06"]

1. e4 e5 2. Nf3 Nc6 3. Bc4 Nf6 4. d4 exd4 5. e5 d5 6. Bb5 Nd7 7. O-O Be7 8. Bxc6 bxc6 9. Nxd4 Nb8 10. Qf3 O-O 11. Nc3 Qd7 12. Qg3 Qg4 13. Qxg4 Bxg4 14. h3 Bc8 15. f4 Rd8 16. f5 c5 17. f6 Bf8 18. fxg7 Bxg7 19. Nf5 Bxf5 20. Rxf5 Nc6 21. Bg5 Rd7 22. Bf6 h6 23. Rd1 Nd4 24. Rf2 Re8 25. Bxg7 Kxg7 26. Na4 Ne6 27. c4 d4 28. Rd3 Rb8 29. b3 Rg8 30. Rg3+ Kf8 31. Rxg8+ Kxg8 32. Nb2 Kg7 33. Nd3 a5 34. Kf1 Rd8 35. Ke2 a4 36. Kd2 axb3 37. axb3 Ra8 38. Kc1 Ra1+ 39. Kb2 Rg1 40. b4 cxb4 41. Nxb4 Nc5 42. Rd2 Ne6 43. Nc6 h5 44. Nxd4 Nxd4 45. Rxd4 Rxg2+ 46. Kb3 Rg3+ 47. Kb4 Rxh3 48. Rd7 Re3 49. Rxc7 Rxe5 50. Rd7 h4 51. c5 h3 52. c6 Re1 53. Rd2 Rh1 54. Kc5 Kg6 55. Kd6 Kg5 56. c7 Rc1 57. Rd5+ f5 58. Rc5 Rxc5 59. Kxc5 h2 60. c8=Q h1=Q 61. Qd8+ Kg4 62. Qd4+ Qe4 63. Qg7+ Kf3 64. Qh7 Qe3+ 65. Kc6 f4 66. Qh3+ Kf2 67. Qh2+ Kf1 68. Kb7 Qg3 69. Qh1+ Kf2 70. Kb8 f3+ 71. Ka7 Qg1 72. Qh4+ Kg2+ 73. Ka8 Qc5 74. Qg4+ Kf2 75. Qg6 Qd5+ 76. Kb8 Qe5+ 77. Ka8 Qg3 78. Qb6+ Kg2 79. Qc6 Kg1 80. Qc3 Qg4 81. Qe1+ Kg2 82. Kb8 f2 83. Qd2 Kg1 84. Qe3 Kg2 85. Qd2 Qg3+ 86. Ka8 Qf3+ 87. Kb8 Kg3 88. Qg5+ Qg4 89. Qe3+ Qf3 90. Qg5+ Kh3 91. Qh6+ Kg2 92. Qd2 Qe4 93. Qg5+ Kf3 94. Qh5+ Ke3 95. Qh3+ Ke2 96. Qh2 Qf5 97. Ka8 Kd3 98. Qd6+ Ke4 99. Qe7+ Kd4 100. Qb4+ Ke3 101. Qc3+ Kf4 102. Qd2+ Kg4 0-1


[Site "https://www.chess.com"]

[Event "Titled Tuesday Blitz January 17 Early 2023"]
[White "Oparin, Grigoriy"]
[Black "Bluebaum, Matthias"]
[WhiteFideId "24125890"]
[BlackFideId "24651516"]
[WhiteElo "2667"]
[BlackElo "2669"]
[Result "0-1"]
[Round "05"]
[TimeControl "180+2"]
[Date "2023.01.17"]
[WhiteClock "0:00:06"]
[BlackClock "0:00:07"]

1. d4 d5 2. c4 e6 3. Nf3 Nf6 4. g3 Nc6 5. Bg2 Bd6 6. O-O O-O 7. c5 Be7 8. a3 b6 9. b4 Ne4 10. Bb2 f5 11. Nbd2 bxc5 12. bxc5 Rb8 13. Qc2 Ba6 14. Rfe1 Bf6 15. e3 Qd7 16. Rab1 Rb7 17. Ba1 Rfb8 18. Rxb7 Rxb7 19. Rb1 Qc8 20. Rb2 Rxb2 21. Bxb2 Qb7 22. Ne1 Na5 23. Bc3 Nc4 24. Nxc4 Bxc4 25. Bb2 Nxc5 26. Qxc4 dxc4 27. Bxb7 Nxb7 28. Nc2 c5 29. Kf1 Kf7 30. Ke2 Ke7 31. Bc3 Kd7 32. Kd2 cxd4 33. Bxd4 Bxd4 34. Nxd4 Nc5 35. f3 Na4 36. h4 a6 37. h5 g6 38. h6 e5 39. Ne2 Kd6 40. Ng1 Ke6 41. Nh3 Kf6 42. f4 Nc5 43. Kc3 Ne4+ 44. Kxc4 g5 45. fxe5+ Kxe5 46. Kb4 Kf6 47. Ka5 Nxg3 48. Kxa6 Nf1 49. Kb5 Nxe3 50. a4 g4 51. Nf4 Kg5 52. Ne6+ Kxh6 53. a5 g3 54. Nf4 Kg5 55. Ne2 g2 56. a6 Nd5 57. a7 Nc7+ 58. Kc6 Na8 59. Kb7 f4 60. Ng1 Kg4 61. Kxa8 f3 62. Nxf3 Kxf3 63. Kb8 g1=Q 64. a8=Q+ Kg3 65. Qa3+ Kh2 66. Qb2+ Kh3 67. Qh8 Qg3+ 68. Ka7 Qc7+ 69. Ka6 Qd6+ 70. Ka7 Qg6 71. Qc3+ Kh2 72. Qd2+ Kh1 73. Qd5+ Kh2 74. Qd2+ Kg3 75. Qe3+ Kg4 76. Qe2+ Kh3 77. Qf3+ Kh4 78. Qf4+ Kh5 79. Qf3+ Qg4 80. Qh1+ Kg6 81. Qc6+ Kg5 82. Qd5+ Qf5 83. Qg2+ Kf6 84. Qc6+ Kg7 85. Qg2+ Kf7 86. Qa2+ Qe6 87. Qf2+ Qf6 88. Qh2 Qe7+ 89. Ka8 Qe8+ 90. Kb7 Qe4+ 91. Ka7 Qd4+ 92. Ka8 Qd5+ 93. Ka7 h5 94. Qf4+ Kg6 95. Qg3+ Kf5 96. Qh3+ Kf4 97. Qh4+ Ke3 98. Qh3+ Qf3 99. Qe6+ Kf2 100. Qa2+ Kg1 101. Qb1+ Kg2 102. Qg6+ Kh1 103. Qg5 Qf2+ 104. Kb7 Qg2+ 105. Ka6 0-1


[Site "https://www.chess.com"]